 Dungeon Crawl Stone Soup version 0.20-a0-993-gba41c3c (webtiles) character file.

507 Alarkh the Stinger (level 6, -1/41 HPs)
             Began as a Demonspawn Venom Mage on Apr 11, 2017.
             Was a Follower of Okawaru.
             Slain by Pikel
             ... wielding a +0 whip of freezing
              (3 damage)
             ... on level 4 of the Dungeon.
             The game lasted 00:08:00 (4896 turns).

Alarkh the Stinger (Demonspawn Venom Mage)          Turns: 4896, Time: 00:08:02

Health: -1/41      AC:  4    Str:  8    XL:     6   Next: 97%
Magic:  3/12       EV: 12    Int: 19    God:    Okawaru [*.....]
Gold:   244        SH:  3    Dex: 13    Spells: 7/13 levels left

rFire    . . .     SeeInvis .   r - +1 hand axe (chop)
rCold    + . .     Gourm    .   (no shield)
rNeg     . . .     Faith    .   g - +0 robe
rPois    .         Spirit   .   (no helmet)
rElec    .         Reflect  +   l - +1 cloak
rCorr    .         Harm     .   (no gloves)
MR       .....                  (no boots)
Stlth    ++........             v - +3 amulet of reflection
Regen    0.2/turn               q - ring of protection from cold
MPRegen  0.2/turn               (no ring)

@: flying, very slightly contaminated
A: powered by death 2
a: Heroism, Renounce Religion


You were on level 4 of the Dungeon.
You worshipped Okawaru.
Okawaru was aware of your devotion.
You were not hungry.

You visited 1 branch of the dungeon, and saw 4 of its levels.
You also visited: Sewer.

You collected 244 gold pieces.

Inventory:

Hand Weapons
 a - a +0 hand axe
 r - a +1 hand axe of chopping (weapon)
Armour
 g - a +0 robe (worn)
 l - a +1 cloak (worn)
Jewellery
 q - a ring of protection from cold (left hand)
 v - a +3 amulet of reflection (around neck)
Wands
 x - a wand of scattershot (1/9)
Potions
 d - a potion of ambrosia
 f - a potion of brilliance
 h - 2 potions of flight
 m - 4 potions of heal wounds
 p - a potion of might
 s - 2 potions of curing
 t - a potion of haste {unknown}
 w - a potion of berserk rage {unknown}
Books
 b - a Young Poisoner's Handbook

   Spells                             Type                      Level
   a - Sting                          Conjuration/Poison           1
   b - Poisonous Vapours              Poison/Air                   2
   c - Mephitic Cloud                 Conjuration/Poison/Air       3
   d - Olgreb's Toxic Radiance        Poison                       4
   e - Venom Bolt                     Conjuration/Poison           5
Comestibles
 c - 2 bread rations
 i - 2 meat rations
 n - a royal jelly


   Skills:
 - Level 1.7 Dodging
 - Level 1.7 Stealth
 + Level 4.2 Spellcasting
 + Level 4.3 Conjurations
 + Level 5.1 Poison Magic


You had 7 spell levels left.
You knew the following spells:

 Your Spells              Type           Power        Failure   Level  Hunger
a - Sting                 Conj/Pois      ###.         1%          1    None
b - Poisonous Vapours     Pois/Air       ##....       10%         2    #......
c - Mephitic Cloud        Conj/Pois/Air  ###.....     12%         3    ###....


Dungeon Overview and Level Annotations

Branches:
Dungeon (4/15)
 Temple: D:4-7

Altars:
Dithmenos
Okawaru

Annotations:
D:4 Pikel


Innate Abilities, Weirdness & Mutations

You regenerate health from kills.


Message History

This wand has 3 charges left.
Pikel barely misses you.
Evoke which item? (* to show all) (? for menu, Esc to quit)
Aiming: Scattershot
Press: ? - help, Shift-Dir - straight line, f/p - Pikel
Aim: Pikel, wielding a whip of freezing and wearing an embroidered robe (severely wounded)
The burst of metal fragments hits the slave.
The burst of metal fragments hits Pikel. x3
Pikel is severely wounded.
The slave is lightly wounded.
This wand has 2 charges left.
Pikel misses you.
Evoke which item? (* to show all) (? for menu, Esc to quit)
Aiming: Scattershot
Press: ? - help, Shift-Dir - straight line, f/p - Pikel
Aim: Pikel, wielding a whip of freezing and wearing an embroidered robe (severely wounded)
The burst of metal fragments hits the slave.
The burst of metal fragments hits Pikel. x3
Pikel is severely wounded.
The slave is lightly wounded.
This wand has 1 charge left.
Pikel hits you with a whip of freezing.
You die...

#.##.# #...#....###..###.##.#
#..#.# ##....#.......##..# #
.....# ....##........##+##
.#.#.## #.......##.##...
.._...#########...####.##.5.#
.#.#.........p.pp...##.##._.#
.....$##########p##.##.######
......##### #K##.##..
......#...######@......#
.............p...##.....
......#...######## ####
#p....##### ≈.....# ≈≈....#
#≈≈#### #### ####


You could see Pikel and 4 slaves.

Vanquished Creatures
  The ghost of Alarkh the Insei, an amateur DsTm (D:3)
  A big kobold (Sewer)
  A hound (D:4)
  A centaur skeleton (D:4)
  5 gnolls
  6 adders
  2 river rats (Sewer)
  3 oozes
  An adder skeleton (D:4)
  3 worms
  5 leopard geckos
  4 orcs (D:3)
  3 giant cockroaches
  13 goblins
  10 hobgoblins
  2 jackals (Sewer)
  4 quokkas
  A ball python (D:2)
  9 bats
  6 frilled lizards
  11 kobolds
  10 rats
102 creatures vanquished.

Notes
Turn   | Place    | Note
-------+----------+-------------------------------------------
     0 | D:1      | Alarkh the Demonspawn Venom Mage began the quest for the Orb.
     0 | D:1      | Reached XP level 1. HP: 13/13 MP: 3/3
    93 | D:1      | Gained mutation: You regenerate a little health from kills. [demonic ancestry]
    93 | D:1      | Reached XP level 2. HP: 19/19 MP: 0/5
   666 | D:1      | Reached XP level 3. HP: 24/24 MP: 2/6
   874 | D:1      | Learned a level 2 spell: Poisonous Vapours
   878 | D:1      | Learned a level 3 spell: Mephitic Cloud
  1871 | D:2      | Reached XP level 4. HP: 30/30 MP: 5/8
  2012 | D:2      | Found an iron altar of Okawaru.
  2018 | D:2      | Became a worshipper of Warmaster Okawaru
  2966 | D:3      | Noticed Alarkh's ghost (amateur DsTm)
  3121 | D:3      | Gained mutation: You regenerate health from kills. [demonic ancestry]
  3121 | D:3      | Reached XP level 5. HP: 35/35 MP: 5/9
  3131 | D:3      | Reached skill level 4 in Poison Magic
  3973 | D:3      | Killed Alarkh's ghost
  3973 | D:3      | Reached XP level 6. HP: 19/41 MP: 11/11
  4466 | D:4      | Reached * piety under Okawaru
  4566 | D:4      | Found a shadowy altar of Dithmenos.
  4585 | D:4      | Noticed a slave
  4587 | D:4      | Noticed Pikel
  4587 | D:4      | Noticed a slave
  4588 | D:4      | Noticed a slave
  4589 | D:4      | Noticed a slave
  4605 | D:4      | Found an iron altar of Okawaru.
  4611 | D:4      | Found a glowing drain.
  4623 | Sewer    | Entered a sewer
  4763 | Sewer    | Reached skill level 5 in Poison Magic
  4807 | Sewer    | Found a white marble altar of Elyvilon.
  4893 | D:4      | HP: 2/41 [Pikel/whip of freezing (1)]
  4896 | D:4      | Slain by Pikel

Vault maps used:
D:1:      lightli_arrival_noodles
D:2:      lemuel_doored_altar, first_bread
D:3:      grunt_ministairs_3
D:4:      grunt_dithmenos_shadows, cheibrodos_sewer_entry_bend,
          okawaru_metal_pillars_1_2, uniq_pikel
Sewer:    sewer_kobolds

Skill      XL: |  1  2  3  4  5  6 |
---------------+-------------------+-----
Conjurations   | 2 3 4 |  4.3
Spellcasting   | 3 4 |  4.2
Poison Magic   | 4 5 |  5.1
Dodging        | |  1.7
Stealth        | |  1.7

Action                   |  1- 3 |  4- 6 || total
-------------------------+-------+-------++-------
Melee: Hand axe          |    24 |    96 ||   120
       Unarmed           |     7 |       ||     7
 Cast: Sting             |    81 |   137 ||   218
Invok: Heroism           |       |     1 ||     1
Evoke: Wand              |       |     3 ||     3
  Use: Potion            |     1 |     4 ||     5
       Scroll            |       |     7 ||     7
 Stab: Sleeping          |       |     1 ||     1
  Eat: Chunk             |     4 |     9 ||    13
Armor: Robe              |    13 |    30 ||    43
Dodge: Dodged            |    38 |   131 ||   169
Block: Other             |       |     6 ||     6
